 Dungeon Crawl Stone Soup version 0.29-a0-384-g6960b1960d (webtiles) character file.

Game seed: 15145811917656295215

610 ryw the Insei (level 7, -5/52 HPs)
             Began as a Demonspawn Transmuter on May 7, 2022.
             Was a Follower of Makhleb.
             Slain by a troll (11 damage)
             ... on level 5 of the Dungeon.
             The game lasted 00:19:28 (6908 turns).

ryw the Insei (Demonspawn Transmuter)               Turns: 6908, Time: 00:19:29

Health: -5/52      AC:  3    Str: 10    XL:     7   Next: 20%
Magic:  8/11       EV: 28    Int: 22    God:    Makhleb [*.....]
Gold:   321        SH:  0    Dex: 16    Spells: 6/12 levels left

rFire   . . .      SeeInvis .     - Unarmed
rCold   . . .      Faith    .   (no shield)
rNeg    + + .      Spirit   .   a - +1 robe
rPois   .          Reflect  .   (helmet currently unavailable)
rElec   .          Harm     .   (no cloak)
rCorr   .          Rampage  .   (no gloves)
Will    +....                   (boots currently unavailable)
Stlth   +++.......              o - amulet of the acrobat
HPRegen 0.17/turn               c - ring of False Pretenses {rN+ Will+ Int+6}
MPRegen 0.12/turn               m - ring of positive energy

@: appendages, acrobatic
A: horns 2, talons 2, claws 2, thin skeletal structure 1, spiny 1
a: End Transformation, Renounce Religion


You were on level 5 of the Dungeon.
You worshipped Makhleb.
Makhleb was aware of your devotion.
You had temporarily grown beastly horns and talons.
You visited 2 branches of the dungeon, and saw 6 of its levels.

You collected 321 gold pieces.

Inventory:

Armour
 a - a +1 robe (worn)
Jewellery
 c - the ring of False Pretenses (left claw) {rN+ Will+ Int+6}
   (You found it on level 3 of the Dungeon)

   [ring of intelligence]

   Int:       It affects your intelligence (+6).
   rN:        It protects you from negative energy.
   Will:      It increases your willpower.
 m - a ring of positive energy (right claw)
 o - an amulet of the acrobat (around neck)
Wands
 j - a wand of iceblast (3)
Scrolls
 d - 2 scrolls of fear
 f - a scroll of teleportation
 k - a scroll of identify
 l - a scroll of enchant armour
Potions
 b - 3 potions of lignification
 e - 2 potions of flight
 g - 3 potions of attraction
 h - a potion of cancellation
 i - 2 potions of haste
 n - a potion of mutation
 p - a potion of brilliance {unknown}
 q - 2 potions of resistance


   Skills:
 + Level 3.1 Fighting
 + Level 3.2 Dodging
 - Level 1.0 Stealth
 * Level 5.0 Unarmed Combat
 - Level 3.3 Spellcasting
 - Level 2.9 Transmutations
 - Level 1.0 Poison Magic


You had 6 spell levels left.
You knew the following spells:

 Your Spells              Type           Power      Damage    Failure   Level
a - Beastly Appendage     Tmut           32%        N/A       3%          1
b - Wereblood             Tmut           16%        N/A       5%          2
c - Spider Form           Tmut/Pois      12%        N/A       16%         3

Your spell library contained the following spells:

 Spells                   Type           Power      Damage    Failure   Level
 Poisonous Vapours        Pois/Air       12%        N/A       14%         2
 Corpse Rot               Necr/Air       6%         N/A       19%         2
 Sublimation of Blood     Necr           3%         N/A       19%         2
 Ice Form                 Ice/Tmut       10%        N/A       54%         4
 Olgreb's Toxic Radiance  Pois           8%         N/A       61%         4
 Ozocubu's Refrigeration  Ice            1%         4d5       100%        7
 Summon Hydra             Summ           1%         N/A       100%        7
 Ignition                 Fire           1%         3d3       100%        8


Dungeon Overview and Level Annotations

Branches:
Dungeon (5/15)             Temple (1/1) D:4

Altars:
Cheibriados
Dithmenos
Elyvilon
Fedhas
Gozag
Hepliaklqana
Kikubaaqudgha
Makhleb
Nemelex Xobeh
Okawaru
Qazlal
Sif Muna
Trog
Wu Jian
Yredelemnul
Zin
The Shining One

Shops:
D:5 !

Annotations:
D:3 1 runed translucent door, Antichthon's ghost, amateur GrFi


Innate Abilities, Weirdness & Mutations

You have temporarily grown beastly horns and talons.
You have very sharp fingernails.
You have a somewhat thin skeletal structure. (Dex +2, Stealth+)
You are partially covered in sharp spines.


Message History

You hit the troll.
The troll is lightly wounded.
The troll barely misses you. The troll completely misses you.
The troll claws you!
You hit the troll but do no damage.
The troll is poisoned.
The troll is lightly wounded.
Your transformation is almost over.
The troll completely misses you. The troll claws you but does no damage.
The troll barely misses you.
You hit the troll.
The troll is moderately wounded.
The troll completely misses you. The troll claws you!
The troll barely misses you.
You barely miss the troll.
The troll is lightly wounded.
The troll completely misses you. The troll misses you. The troll claws you!
The troll attacks as you move away! The troll completely misses you.
The troll misses you. x2
You hit the troll but do no damage.
The troll looks even sicker.
The troll is moderately wounded.
The troll bites you but does no damage. The troll completely misses you.
The troll barely misses you.
You hit the troll.
The troll is moderately wounded.
Your transformation has ended.
Your +1 robe unmelds from your body.
Casting: Spider Form (dangerous; 16% risk of failure)
Confirm with . or Enter, or press ? or * to list all spells.
You grow a pair of large bovine horns.
Your feet morph into talons.
The troll closely misses you. The troll claws you!
* * * LOW HITPOINT WARNING * * *
The troll completely misses you.
You barely miss the troll. Your headbutt misses the troll.
Your claw misses the troll.
The troll is moderately wounded.
The troll closely misses you. The troll barely misses you. The troll claws you.
* * * LOW HITPOINT WARNING * * *
Unknown command.
The troll attacks as you move away! The troll bites you!
You die...

. ###### #....#
#.#..#
##########.#.##
#..............
#####............##
#.@T.............#
#.###............#
#....#...........#
#...#.#..........#
##.#...#.........#
##..∩..#........#
#.#...#.........#
#####
#..#.#..........#
#...#
#...#...........#


You could see a troll (very poisoned).

Vanquished Creatures
  An ogre (D:5)
  A phantom (D:5)
  A necrophage (D:5)
  A scorpion (D:4)
  An orc priest (D:5)
  Ijyb (D:3)
  2 orc wizards
  6 gnolls
  5 adders
  An ufetubus (D:3)
  4 worms
  A dart slug (D:1)
  15 orcs
  8 ball pythons
  7 bats
  5 endoplasms
  7 giant cockroaches
  7 hobgoblins
  2 jackals (D:3)
  4 kobolds
  A quokka (D:4)
  2 frilled lizards
  6 goblins
  6 rats
95 creatures vanquished.

Notes
Turn   | Place    | Note
-------+----------+-------------------------------------------
     0 | D:1      | ryw the Demonspawn Transmuter began the quest for the Orb.
     0 | D:1      | Reached XP level 1. HP: 15/15 MP: 3/3
   169 | D:1      | Gained mutation: You have sharp fingernails. [demonic
                  | ancestry]
   169 | D:1      | Reached XP level 2. HP: 17/21 MP: 3/5
   172 | D:1      | Learned a level 2 spell: Wereblood
   990 | D:1      | Reached skill level 3 in Unarmed Combat
  1346 | D:2      | Gained mutation: You have a somewhat thin skeletal
                  | structure. (Dex +2, Stealth+) [demonic ancestry]
  1346 | D:2      | Reached XP level 3. HP: 26/26 MP: 4/6
  2459 | D:2      | Reached XP level 4. HP: 29/33 MP: 7/7
  2887 | D:3      | Identified the ring of False Pretenses {rN+ Will+ Int+6}
  3130 | D:3      | Found a runed translucent door.
  3150 | D:3      | Noticed Antichthon's ghost (amateur GrFi)
  3290 | D:3      | Noticed Ijyb
  3300 | D:3      | Killed Ijyb
  3301 | D:3      | Reached skill level 1 in Stealth
  3301 | D:3      | Reached XP level 5. HP: 4/38 MP: 8/8
  3814 | D:3      | Found a faded altar of an unknown god.
  3910 | D:3      | Learned a level 3 spell: Spider Form
  4247 | D:4      | Found a staircase to the Ecumenical Temple.
  4286 | Temple   | Entered the Ecumenical Temple
  4440 | Temple   | Became a worshipper of Makhleb the Destroyer
  4654 | D:4      | Reached skill level 4 in Unarmed Combat
  5729 | D:4      | Gained mutation: You are partially covered in sharp spines.
                  | [demonic ancestry]
  5729 | D:4      | Reached XP level 6. HP: 22/46 MP: 7/10
  6250 | D:5      | Entered Level 5 of the Dungeon
  6334 | D:5      | Reached skill level 1 in Poison Magic
  6583 | D:5      | Found Kuilem's Distillery.
  6671 | D:5      | Reached * piety under Makhleb
  6672 | D:5      | Gained mutation: You have very sharp fingernails. [demonic
                  | ancestry]
  6672 | D:5      | Reached XP level 7. HP: 43/51 MP: 8/11
  6815 | D:5      | Noticed a troll
  6863 | D:5      | Reached skill level 5 in Unarmed Combat
  6908 | D:5      | Slain by a troll

Illustrated notes

Levels and vault maps discovered:
D:1:      matt_arrival_grand_opening, layout_basic
D:2:      layout_basic, minmay_pentomino_q2
D:3:      layout_loops_ring, ebering_ghost_sewer_d,
          hellmonk_ecumenical_altar_pennies_from_heaven, serial_park_tiny_1,
          uniq_ijyb
D:4:      nicolae_cairo_tiling, layout_basic, temple_hall
D:5:      layout_basic, serial_shops, nicolae_diamond_shop,
          doesnt_shop_hydraphobe, uniq_duvessa
Temple:   minmay_crystal_snake_temple

Skill      XL: |  1  2  3  4  5  6  7 |
---------------+----------------------+-----
Transmutations | 2 |  2.9
Dodging        | 2 3 |  3.2
Unarmed Combat | 3 4 5 |  5.0
Fighting       | 2 3 |  3.1
Stealth        | 1 |  1.0
Poison Magic   | 1 |  1.0
Spellcasting   | 3 |  3.3

Action                   |  1- 3 |  4- 6 |  7- 9 || total
-------------------------+-------+-------+-------++-------
Melee: Unarmed           |    85 |   149 |    22 ||   256
       Kick              |    20 |    34 |     1 ||    55
       Headbutt          |     9 |    16 |       ||    25
       Punch             |     3 |     2 |       ||     5
 Cast: Beastly Appendage |    30 |    27 |     2 ||    59
       Wereblood         |     2 |     8 |       ||    10
       Spider Form       |       |     2 |     4 ||     6
Evoke: Wand              |       |     5 |       ||     5
  Use: Scroll            |     6 |    12 |       ||    18
 Stab: Sleeping          |     6 |     5 |       ||    11
       Distracted        |     1 |       |       ||     1
Armor: Robe              |    30 |    22 |       ||    52
       Skin              |       |       |     3 ||     3
Dodge: Dodged            |    47 |    86 |    27 ||   160

Table legend: (Time is in decaauts)
 A = Elapsed time spent in this place.
 B = Non-inter-level travel time spent in this place.
 C = Inter-level travel time spent in this place.
 D = Time resting spent in this place.
 E = Time spent auto-exploring this place.
 F = Levels seen in this place.
 G = Mean time per level.
                   A        B        C        D        E       F      G
               +--------+--------+--------+--------+--------+-----+--------+
         Total |   6895 |   6697 |    198 |   1592 |   4025 |   6 | 1149.2 |
       Dungeon |   6719 |   6564 |    155 |   1592 |   3910 |   5 | 1343.8 |
        Temple |    175 |    132 |     43 |      0 |    115 |   1 |  175.0 |
               +--------+--------+--------+--------+--------+-----+--------+

Top non-repeatable levels by time:
     D:4: 1627 daAuts
     D:2: 1589 daAuts
     D:1: 1467 daAuts
     D:3: 1383 daAuts
     D:5: 652 daAuts
  Temple: 175 daAuts
